 Dungeon Crawl Stone Soup version 0.31-a0-174-g85c54bcb58 (webtiles) character file.

Game seed: 17386973705859033275

49 qw the Shooter (level 3, -1/22 HPs)
             Began as a Gargoyle Hunter on June 15, 2023.
             Slain by Terence
             ... wielding a +0 hand axe
              (5 damage)
             ... on level 2 of the Dungeon.
             The game lasted 00:00:19 (527 turns).

qw the Shooter (Gargoyle Hunter)                     Turns: 527, Time: 00:00:19

Health: -1/22      AC:  6    Str: 14    XL:     3   Next: 75%
Magic:  3/3        EV: 11    Int:  9    God:
Gold:   23         SH:  0    Dex: 15    Spells: 2/2 levels left

rFire   . . .        a - +0 shortbow
rCold   . . .        (shield currently unavailable)
rNeg    + . .        c - +0 leather armour
rPois   inf          (no helmet)
rElec   +            (no cloak)
rCorr   .            (no gloves)
SInv    .            (no boots)
Will    .....        (no amulet)
Stlth   ++           (no ring)
HPRegen 0.23/turn    (no ring)
MPRegen 0.08/turn

%: no passive effects
@: no status effects
A: sickness immunity, AC +3, negative energy resistance 1, electricity
resistance, torment resistance 1, petrification resistance
a: no special abilities


You were on level 2 of the Dungeon.
You visited 1 branch of the dungeon, and saw 2 of its levels.

You collected 23 gold pieces.


Innate Abilities, Weirdness & Mutations

You are immune to sickness and miasma.
Your stone body is resilient. (AC +3)
You are immune to poison.
You resist negative energy. (rN+)
You are resistant to electric shocks. (rElec)
You are resistant to unholy torment.
You are immune to petrification.


   Skills:
 + Level 2.9 Fighting
 - Level 5.0 Ranged Weapons
 - Level 1.5 Dodging
 - Level 1.1 Stealth


You had 2 spell levels left.
You didn't know any spells.
Your spell library was empty.

Inventory:

Hand Weapons
 a - a +0 shortbow (weapon)
Armour
 c - a +0 leather armour (worn)
 g - a +0 ring mail
Scrolls
 b - a scroll of butterflies
 f - a scroll of vulnerability {unknown}
Potions
 d - a potion of resistance {unknown}
 e - a potion of ambrosia {unknown}

Dungeon Overview and Level Annotations

Branches:
Dungeon (2/15)

Altars:

Annotations:
D:2 1 runed translucent door, Crazy Yiuf, Terence


Message History

You kill the kobold!
Things that are here:
a +0 dagger; a kobold corpse A hobgoblin comes into view.
Enter note: You shoot an arrow.
The arrow hits the hobgoblin!
You kill the hobgoblin!
Terence the Incautious comes into view.
He is wielding a +0 hand axe, wearing a +2 scale mail of poison resistance and carrying a wand of flame (9).
Found 7 gold pieces.
Enter note: You shoot an arrow.
The arrow hits Terence but does no damage.
Terence shouts!
You shoot an arrow. The arrow closely misses Terence.
Terence says, "Did you write a will?
You should..."
Terence hits you with a +0 hand axe!
You shoot an arrow.
The arrow hits Terence but does no damage.
Terence hits you but does no damage.
You shoot an arrow. The arrow barely misses Terence.
Terence zaps a wand.
The puff of flame hits you!
You shoot an arrow. The arrow hits Terence.
Terence is moderately wounded.
Terence misses you. Terence hits you with a +0 hand axe.
You shoot an arrow. The arrow hits Terence.
Terence is heavily wounded.
Terence barely misses you.
You shoot an arrow.
The arrow hits Terence but does no damage.
Terence is heavily wounded.
Terence closely misses you.
You shoot an arrow. The arrow hits Terence.
Terence is heavily wounded.
Terence zaps a wand.
The puff of flame hits you.
You shoot an arrow. The arrow closely misses Terence.
Terence barely misses you.
You shoot an arrow. The arrow hits Terence.
Terence is severely wounded.
Terence closely misses you. Terence hits you with a +0 hand axe.
You die...

#......####.#####
#.##.# ########
#%######## #.##.#
##### #.........
..##.# ....#
########## ####.#
###.# #.# #.# #.#
#.# #.# #.#
######## #)# #.#
#.@....# #.# #.#
#@####.#######.#
#.# #.
#.........# #.#
#. ###########
###.# #.
.##.####### #.
........>.. $.
###..###### ##
####.#


You could see Terence.

Vanquished Creatures
  2 adders (D:2)
  5 ball pythons
  5 endoplasms
  2 giant cockroaches (D:2)
  2 hobgoblins
  3 jackals (D:2)
  4 kobolds
  A quokka (D:2)
  2 rats
  A spectral kobold (D:2)
27 creatures vanquished.

Notes
Turn   | Place    | Note
-------+----------+-------------------------------------------
     0 | D:1      | qw the Gargoyle Hunter began the quest for the Orb.
     0 | D:1      | Reached XP level 1. HP: 12/12 MP: 1/1
     0 | D:1      | 0 ||| qw: Version: 0.2-a-29-g511e9b1
     0 | D:1      | 0 ||| qw: Game counter: 5610
     0 | D:1      | 0 ||| qw: Always use a shield: true
     0 | D:1      | 0 ||| qw: God list: Okawaru
     0 | D:1      | 0 ||| qw: Allow faded altars: false
     0 | D:1      | 0 ||| qw: Do Orc after D:15 true
     0 | D:1      | 0 ||| qw: Do second Lair branch before Depths: true
     0 | D:1      | 0 ||| qw: Lair rune preference: random
     0 | D:1      | 0 ||| qw: Plans: Normal, Zot:1-4, Slime:5, God:TSO, Crypt,
                  | Tomb, Abyss, Pan, Hells, Win
     0 | D:1      | 0 ||| PLANNING D:1-11
    61 | D:1      | Reached XP level 2. HP: 17/17 MP: 2/2
   120 | D:1      | You fall into a shaft and drop 1 floor!
   132 | D:2      | Found a faded altar of an unknown god.
   233 | D:2      | Reached XP level 3. HP: 13/21 MP: 3/3
   278 | D:2      | Reached skill level 5 in Ranged Weapons
   428 | D:2      | Identified the +4 hammer of Honesty {protect, rC+}
   433 | D:2      | Found a runed translucent door.
   434 | D:2      | Noticed Crazy Yiuf
   517 | D:2      | Noticed Terence
   522 | D:2      | HP: 5/22 [Terence/+0 hand axe (4)]
   527 | D:2      | Slain by Terence

Levels and vault maps discovered:
D:1:      minmay_arrival_doors, layout_basic, serial_shops,
          nicolae_shop_gaudy_bauble, minmay_ruptured
D:2:      layout_loops_ring, dreamdust_ecumenical_altar_drowned_temple,
          uniq_sigmund, uniq_crazy_yiuf_cottage, uniq_terence

Skill      XL: |  1  2  3 |
---------------+----------+-----
Ranged Weapons | 5 |  5.0
Fighting       | |  2.9
Dodging        | |  1.5
Stealth        | |  1.1

Action                     || total
---------------------------++-------
   Fire: Shortbow          ||    96
 Armour: Leather armour    ||    43
  Dodge: Dodged            ||    50

Table legend:
 A = Non-vault XP
 B = Vault XP
 C = Vault XP percentage of total XP
 D = Non-vault monster count
 E = Vault monster count
 F = Vault count percentage of total count
                 A         B        C        D         E       F
            +---------+---------+-------+---------+---------+-------
      Total |      63 |       7 |  10.0 |      23 |       4 |  14.8
            +---------+---------+-------+---------+---------+-------
        D:1 |      13 |       6 |  31.6 |       7 |       3 |  30.0
        D:2 |      50 |       1 |   2.0 |      16 |       1 |   5.9
            +---------+---------+-------+---------+---------+-------
